 Dungeon Crawl Stone Soup version 0.20-a0-286-gae82e34 (webtiles) character file.

24 Junicave the Digger (level 3, 15/19 HPs)
             Began as a Gargoyle Earth Elementalist on Dec 14, 2016.
             Quit the game on level 1 of the Dungeon.
             The game lasted 00:02:22 (462 turns).

Junicave the Digger (Gargoyle Earth Elementalist)    Turns: 462, Time: 00:02:22

Health: 15/19      AC:  5    Str: 11    XL:     3   Next: 2%
Magic:  2/6        EV: 12    Int: 16    God:
Gold:   23         SH:  0    Dex: 10    Spells: 2/6 levels left

rFire  . . .     SeeInvis .     i - +0 mace
rCold  . . .     Gourm    .     c - +0 robe
rNeg   + . .     Faith    .     (no shield)
rPois  ∞         Spirit   .     (no helmet)
rElec  +         Reflect  .     (no cloak)
rCorr  .         Harm     .     (no gloves)
MR     .....                    (no boots)
Stlth  ++........               (no amulet)
                                (no ring)
                                (no ring)

@: no status effects
A: negative energy resistance 1, electricity resistance, unbreathing,
petrification resistance, rot immunity, AC +3
a: no special abilities


You were on level 1 of the Dungeon.
You were not hungry.

You visited 1 branch of the dungeon, and saw 1 of its levels.

You collected 23 gold pieces.

Inventory:

Hand Weapons
 h - a +0 dagger
 i - a +0 mace (weapon)
Missiles
 b - 20 stones (quivered)
Armour
 c - a +0 robe (worn)
Potions
 f - a potion of agility {unknown}
 g - a potion of heal wounds {unknown}
Books
 e - a book of Geomancy

   Spells                             Type                      Level
   a - Sandblast                      Earth                        1
   b - Passwall                       Transmutation/Earth          2
   c - Stone Arrow                    Conjuration/Earth            3
   d - Petrify                        Transmutation/Earth          4
   e - Lee's Rapid Deconstruction     Earth                        5
Comestibles
 a - 2 chunks of flesh
 d - a bread ration


   Skills:
 + Level 1.8 Dodging
 + Level 2.7 Stealth
 + Level 2.2 Spellcasting
 + Level 0.0 Conjurations
   Level 0.7 Transmutations
 + Level 4.2 Earth Magic


You had 2 spell levels left.
You knew the following spells:

 Your Spells              Type           Power        Failure   Level  Hunger
a - Sandblast             Erth           ###...       4%          1    #......
b - Stone Arrow           Conj/Erth      #.....       28%         3    ###....


Dungeon Overview and Level Annotations

Branches:
Dungeon (1/15)

Altars:


Innate Abilities, Weirdness & Mutations

You are resistant to torment.
Your stone body is resilient. (AC +3)
You are immune to poison.
You resist negative energy. (rN+)
You are resistant to electric shocks. (rElec)
You can survive without breathing.
You are immune to petrification.
You are immune to rotting.


Message History

Wield which item (- for none, * to show all)? (? for menu, Esc to quit)
i - a +0 mace (weapon)
You closely miss the hobgoblin. The hobgoblin hits you with a club.
You hit the hobgoblin but do no damage.
The hobgoblin hits you but does no damage.
A frilled lizard comes into view.
You closely miss the hobgoblin. The hobgoblin misses you.
The hobgoblin barely misses you.
You closely miss the hobgoblin. The hobgoblin closely misses you.
You hit the hobgoblin but do no damage. The hobgoblin hits you with a club.
You hit the hobgoblin.
You kill the hobgoblin!
You have reached level 3!
Your experience leads to an increase in your attributes!
Increase (S)trength, (I)ntelligence, or (D)exterity?
You feel clever.
Memorise Stone Arrow, consuming 3 spell levels and leaving 2?
You start memorising the spell.
You continue memorising. x3
You finish memorising.
Spell assigned to 'b'.
Are you sure you want to abandon this character and quit the game? (Confirm with "yes".)

## ... .. ... ..
... .#... .#.# .
... .$. ####.#.....
#..@)......
#.####.#...
#.####.#. #........
#.###.####... ####
#..........#
#...######.######..
#..................
#.......##.####.###


There were no monsters in sight!

Vanquished Creatures
  An ooze (D:1)
  A dart slug (D:1)
  2 leopard geckos (D:1)
  2 bats (D:1)
  A giant cockroach (D:1)
  3 hobgoblins (D:1)
  2 frilled lizards (D:1)
  2 goblins (D:1)
  A kobold (D:1)
  A rat (D:1)
16 creatures vanquished.

Notes
Turn   | Place    | Note
-------+----------+-------------------------------------------
     0 | D:1      | Junicave the Gargoyle Earth Elementalist began the quest for the Orb.
     0 | D:1      | Reached XP level 1. HP: 10/10 MP: 3/3
   116 | D:1      | Reached skill level 4 in Earth Magic
   139 | D:1      | Reached XP level 2. HP: 6/15 MP: 0/5
   457 | D:1      | Reached XP level 3. HP: 15/19 MP: 2/6
   462 | D:1      | Learned a level 3 spell: Stone Arrow
   462 | D:1      | Quit the game

Vault maps used:
D:1:      lightli_arrival_chessboard, minmay_misc_feat_square

Skill      XL: |  1 |
---------------+----+-----
Earth Magic    | 4 |  4.2
Dodging        | |  1.8
Stealth        | |  2.7
Spellcasting   | |  2.2
Transmutations | |  0.7

Action                   || total
-------------------------++-------
Melee: Unarmed           ||    28
       Mace              ||     6
       Dagger            ||     4
 Cast: Sandblast         ||    23
Armor: Robe              ||    30
Dodge: Dodged            ||    40
